 Dungeon Crawl Stone Soup version 0.29.1-2-gbd0b4ee654 (webtiles) character file.

Game seed: 15882571701247079764

348 RUZZLEFAZAZZLE the Shield-Bearer (level 6, 0/53 HPs)
             Began as a Gnoll Fighter on Nov 26, 2022.
             Slain by an iguana (10 damage)
             ... on level 4 of the Dungeon.
             The game lasted 00:05:17 (3485 turns).

RUZZLEFAZAZZLE the Shield-Bearer (Gnoll Fighter)    Turns: 3485, Time: 00:05:18

Health: 0/53       AC: 11    Str: 18    XL:     6   Next: 60%
Magic:  9/9        EV:  7    Int:  7    God:
Gold:   139        SH:  5    Dex: 11    Spells: 9/9 levels left

rFire   . . .      SeeInvis .   e - +0 hand axe
rCold   . . .      Faith    +   c - +0 buckler
rNeg    . . .      Spirit   .   i - +0 chain mail
rPois   +          Reflect  .   (no helmet)
rElec   .          Harm     .   w - +0 cloak
rCorr   .          Rampage  .   (no gloves)
Will    +....                   (no boots)
Stlth   ..........              t - amulet of faith
HPRegen 0.17/turn               p - ring of flight
MPRegen 0.11/turn               r - ring of willpower

@: flying, unable to read
A: fangs 1, strong nose, distributed training, claws 1, sense surroundings 1,
poison resistance, inability to read after injury 1
a: no special abilities


You were on level 4 of the Dungeon.
You visited 1 branch of the dungeon, and saw 4 of its levels.

You collected 139 gold pieces.

Inventory:

Hand Weapons
 a - a +0 war axe
 e - a +0 hand axe (weapon)
 v - a +2 quarterstaff of chaos
 x - a +0 hammer
Armour
 c - a +0 buckler (worn)
 i - a +0 chain mail (worn)
 w - a +0 cloak (worn)
Magical Staves
 m - a staff of cold
Jewellery
 f - a ring of wizardry
 p - a ring of flight (left claw)
 r - a ring of willpower (right claw)
 t - an amulet of faith (around neck)
Scrolls
 g - a scroll of teleportation
 h - a scroll of identify
 j - 2 scrolls of fear
 o - a scroll of immolation
 q - a scroll of poison {unknown}
 s - a scroll of noise {unknown}
 u - a scroll of enchant armour {unknown}
Potions
 b - a potion of resistance {unknown}
 d - a potion of might
 k - a potion of lignification {unknown}
 l - a potion of attraction
 n - a potion of heal wounds {unknown}


   Skills:
 + Level 6.9 Fighting
 + Level 2.1 Short Blades
 + Level 2.1 Long Blades
 + Level 5.0 Axes
 + Level 2.1 Maces & Flails
 + Level 2.1 Polearms
 + Level 2.1 Staves
 + Level 2.1 Ranged Weapons
 + Level 2.1 Throwing
 + Level 6.9 Armour
 + Level 2.1 Dodging
 + Level 2.1 Stealth
 + Level 6.9 Shields
 + Level 2.1 Unarmed Combat
 + Level 2.1 Spellcasting
 + Level 1.6 Conjurations
 + Level 1.6 Hexes
 + Level 1.6 Summonings
 + Level 1.6 Necromancy
 + Level 1.6 Translocations
 + Level 1.6 Transmutations
 + Level 1.6 Fire Magic
 + Level 1.6 Ice Magic
 + Level 1.6 Air Magic
 + Level 1.6 Earth Magic
 + Level 1.6 Poison Magic
 + Level 2.3 Invocations
 + Level 2.1 Evocations


You had 9 spell levels left.
You didn't know any spells.
Your spell library contained the following spells:

 Spells                   Type           Power      Damage    Failure   Level
 Magic Dart               Conj           12%        1d3       94%         1
 Call Imp                 Summ           3%         N/A       98%         2
 Mephitic Cloud           Conj/Pois/Air  3%         N/A       100%        3
 Summon Ice Beast         Ice/Summ       3%         N/A       100%        4
 Summon Mana Viper        Hex/Summ       3%         N/A       100%        5
 Monstrous Menagerie      Summ           1%         N/A       100%        7


Dungeon Overview and Level Annotations

Branches:
Dungeon (4/15)
 Temple: D:4-7

Altars:
The Shining One


Innate Abilities, Weirdness & Mutations

You have very sharp teeth.
Your uncanny sense of smell can sniff out nearby items.
Your experience applies equally to all skills.
You have sharp fingernails.
You passively map a small area around you.
Your system is resistant to poisons. (rPois)
You occasionally lose the ability to read scrolls when taking damage.


Message History

There are monsters nearby!
Found a potion of might.
The iguana bites you!
You feel threatened and lose the ability to read scrolls!
You are too injured to fight recklessly!
You are too injured to fight recklessly!
You are too injured to fight recklessly!
You are too injured to fight recklessly!
You are too injured to fight recklessly!
You closely miss the iguana. You bite the iguana, but do no damage.
The iguana bites you.
* * * LOW HITPOINT WARNING * * *
You closely miss the iguana. You closely miss the giant cockroach.
The iguana bites you.
* * * LOW HITPOINT WARNING * * *
The giant cockroach bites you but does no damage.
The giant cockroach closely misses you.
The giant cockroach attacks as you move away!
The giant cockroach closely misses you.
You can read scrolls again.
You closely miss the giant cockroach.
The giant cockroach bites you but does no damage.
The giant cockroach barely misses you.
You hit the giant cockroach.
You kill the giant cockroach!
You hit the iguana but do no damage.
You are no longer corroded.
The iguana bites you.
* * * LOW HITPOINT WARNING * * *
The iguana bites you but does no damage.
You barely miss the iguana. The iguana bites you.
* * * LOW HITPOINT WARNING * * *
You hit the iguana.
The iguana is lightly wounded.
The iguana bites you but does no damage.
You closely miss the iguana. Your bite misses the iguana.
The iguana is lightly wounded.
The iguana bites you!
You feel threatened and lose the ability to read scrolls!
You die...

, * , # ∆ *∆ #, .
##. ##. #?.##*
∆..# #.#..∆ ,
,,## ..#,#.#.. *
<.,. #.#.#.# *
∆...#. ∆#.#.#∆* ,
* , .....###l..#
, , #..@#.#...#
#.#.#!# #.# *
*#..##...###...##
* #..............
#######.##.#.# *
*< #...##.# ∆, *
#.####.#, , , #.#
#.# ∆ #.# #.#


You could see an iguana.

Vanquished Creatures
  A water moccasin (D:3)
  A jelly (D:4)
  Crazy Yiuf (D:3)
  Natasha (thrice) (D:3)
  3 adders
  3 gnolls (D:2)
  A worm (D:3)
  4 orcs (D:3)
  6 ball pythons
  4 bats
  5 endoplasms
  4 giant cockroaches
  4 goblins
  4 hobgoblins
  A quokka (D:3)
  3 frilled lizards
  5 kobolds
  4 rats
57 creatures vanquished.

Vanquished Creatures (others)
  10 fungi (D:4)
  4 plants (D:2)
14 creatures vanquished.

Grand Total: 71 creatures vanquished

Notes
Turn   | Place    | Note
-------+----------+-------------------------------------------
     0 | D:1      | RUZZLEFAZAZZLE the Gnoll Fighter began the quest for the
                  | Orb.
     0 | D:1      | Reached XP level 1. HP: 23/23 MP: 1/1
   249 | D:1      | Reached XP level 2. HP: 29/29 MP: 2/2
   456 | D:1      | Found a faded altar of an unknown god.
   585 | D:2      | Identified the +6 mace of the Valley of Death {freeze,
                  | Drain Fragile Int+9 SInv}
   638 | D:2      | Reached XP level 3. HP: 8/35 MP: 2/4
   639 | D:2      | Reached skill level 1 in Invocations
   905 | D:2      | Reached skill level 1 in Short Blades
   905 | D:2      | Reached skill level 1 in Long Blades
   905 | D:2      | Reached skill level 1 in Maces & Flails
   905 | D:2      | Reached skill level 1 in Polearms
   905 | D:2      | Reached skill level 1 in Staves
   905 | D:2      | Reached skill level 1 in Ranged Weapons
   905 | D:2      | Reached skill level 1 in Throwing
   905 | D:2      | Reached skill level 1 in Dodging
   905 | D:2      | Reached skill level 1 in Stealth
   905 | D:2      | Reached skill level 1 in Unarmed Combat
   905 | D:2      | Reached skill level 1 in Spellcasting
   905 | D:2      | Reached skill level 1 in Evocations
  1146 | D:2      | Reached XP level 4. HP: 38/41 MP: 5/5
  1906 | D:3      | Gained mutation: You occasionally lose the ability to read
                  | scrolls when taking damage. [potion of mutation]
  1906 | D:3      | Gained mutation: Your system is resistant to poisons.
                  | (rPois) [potion of mutation]
  1906 | D:3      | Gained mutation: You have sharp fingernails. [potion of
                  | mutation]
  1906 | D:3      | Gained mutation: You passively map a small area around you.
                  | [potion of mutation]
  1921 | D:3      | Reached skill level 1 in Conjurations
  1921 | D:3      | Reached skill level 1 in Hexes
  1921 | D:3      | Reached skill level 1 in Summonings
  1921 | D:3      | Reached skill level 1 in Necromancy
  1921 | D:3      | Reached skill level 1 in Translocations
  1921 | D:3      | Reached skill level 1 in Transmutations
  1921 | D:3      | Reached skill level 1 in Fire Magic
  1921 | D:3      | Reached skill level 1 in Ice Magic
  1921 | D:3      | Reached skill level 1 in Air Magic
  1921 | D:3      | Reached skill level 1 in Earth Magic
  1921 | D:3      | Reached skill level 1 in Poison Magic
  2194 | D:3      | Noticed a water moccasin
  2206 | D:3      | Killed a water moccasin
  2207 | D:3      | Reached XP level 5. HP: 26/47 MP: 5/7
  2574 | D:3      | Found a glowing golden altar of the Shining One.
  2580 | D:3      | Noticed Natasha
  2588 | D:3      | Killed Natasha
  2589 | D:3      | Reached XP level 6. HP: 47/53 MP: 8/8
  2702 | D:3      | Noticed Natasha
  2763 | D:3      | Killed Natasha
  2764 | D:3      | Reached skill level 5 in Axes
  2900 | D:3      | Noticed Natasha
  2923 | D:3      | Killed Natasha
  3093 | D:3      | Found a runed translucent door.
  3094 | D:3      | Noticed Crazy Yiuf
  3106 | D:3      | Killed Crazy Yiuf
  3485 | D:4      | Slain by an iguana

Illustrated notes

Levels and vault maps discovered:
D:1:      giann_forest_graveyard, layout_basic,
          shapermc_ecumenical_altar_hornbeckon
D:2:      minmay_evil_eye, layout_loops_corners, st_stairs_4,
          nicolae_grassy_gnolls
D:3:      layout_loops_cross, tso_metal_star, uniq_crazy_yiuf_cottage,
          uniq_natasha
D:4:      layout_loops_ring, general_overflow_altar, serial_aquarium,
          aquarium_bridge_square [aquarium_subvault_bridge,
          aquarium_subvault_balcony, aquarium_subvault_window,
          aquarium_subvault_wall], aquarium_window_fake, aquarium_window_fake,
          aquarium_view_2a, aquarium_balcony_3b, aquarium_pool_double,
          minmay_starry_boxes, uniq_edmund, uniq_robin

Skill      XL: |  1  2  3  4  5  6 |
---------------+-------------------+-----
Invocations    | 1 2 |  2.3
Short Blades   | 1 2 |  2.1
Long Blades    | 1 2 |  2.1
Maces & Flails | 1 2 |  2.1
Polearms       | 1 2 |  2.1
Staves         | 1 2 |  2.1
Ranged Weapons | 1 2 |  2.1
Throwing       | 1 2 |  2.1
Dodging        | 1 2 |  2.1
Stealth        | 1 2 |  2.1
Unarmed Combat | 1 2 |  2.1
Spellcasting   | 1 2 |  2.1
Evocations     | 1 2 |  2.1
Conjurations   | 1 |  1.6
Hexes          | 1 |  1.6
Summonings     | 1 |  1.6
Necromancy     | 1 |  1.6
Translocations | 1 |  1.6
Transmutations | 1 |  1.6
Fire Magic     | 1 |  1.6
Ice Magic      | 1 |  1.6
Air Magic      | 1 |  1.6
Earth Magic    | 1 |  1.6
Poison Magic   | 1 |  1.6
Axes           | 5 |  5.0
Fighting       | |  6.9
Armour         | |  6.9
Shields        | |  6.9

Action                   |  1- 3 |  4- 6 || total
-------------------------+-------+-------++-------
Melee: Hand axe          |    66 |   145 ||   211
       Bite              |     4 |    18 ||    22
  Use: Potion            |     4 |     1 ||     5
       Scroll            |       |     7 ||     7
Armor: Scale mail        |    28 |    21 ||    49
       Chain mail        |       |    35 ||    35
Dodge: Dodged            |    35 |    45 ||    80
Block: Buckler           |    24 |    43 ||    67
